[Event "Team 45 45 League T25"]
[Site "Internet Chess Club"]
[Date "2004.12.19"]
[Round "2"]
[White "StrayLite"]
[Black "DTK"]
[Result "1/2-1/2"]
[WhiteElo "2026"]
[BlackElo "1927"]
[TimeControl "2700+45"]

1. d4 Nf6 2. Nc3 e6 3. e4 d5 4. e5 Nfd7 5. f4 c5 6. Nf3 Nc6 7. Be3 Qb6 8. Qd2
cxd4 9. Nxd4 Qa5 10. Be2 Bb4 11. O-O O-O 12. a3 Bxc3 13. bxc3 a6 14. Nb3 Qc7 15.
Bd3 f6 16. Nd4 Nb6 17. Nxc6 Qxc6 18. Qf2 Nd7 19. Qh4 f5 20. Bd4 Nc5 21. Rf3 Rf7
22. Qd8+ Rf8 23. Qh4 Bd7 24. Rh3 h6 25. g4 Nxd3 26. cxd3 Be8 27. g5 h5 {Game
drawn by mutual agreement} 1/2-1/2

[Event "Team 45 45 League T25"]
[Site "Internet Chess Club"]
[Date "2004.12.19"]
[Round "2"]
[White "GolferBob"]
[Black "SilentIndian"]
[Result "1/2-1/2"]
[WhiteElo "1745"]
[BlackElo "1736"]
[TimeControl "2700+45"]

1. d4 d5 2. Nf3 Nf6 3. c4 dxc4 4. e3 e6 5. Bxc4 c5 6. O-O a6 7. Nc3 b5 8. Be2
Bb7 9. b3 Nc6 10. Bb2 cxd4 11. Nxd4 Nxd4 12. Qxd4 Qxd4 13. exd4 Bd6 14. Rad1 O-O
15. Rd3 Rac8 16. Bf3 Bxf3 17. Rxf3 b4 18. Na4 Rc2 19. Rd1 Nd5 20. g3 Rfc8 21.
Rfd3 Kf8 22. R1d2 Rxd2 23. Rxd2 a5 24. Rd1 Be7 25. Rc1 Rxc1+ 26. Bxc1 Nc3 27.
Nxc3 bxc3 28. Kf1 Bf6 29. Be3 Ke8 30. Ke2 Be7 31. Kd3 Bb4 32. Bc1 c2 33. Kxc2
Kd7 34. Kd3 Kd6 35. a3 Be1 36. Bd2 Bxf2 37. Bxa5 Kd5 38. Bc3 Bg1 39. h3 f5 40.
a4 Bf2 41. g4 fxg4 42. hxg4 g6 43. a5 Kc6 44. Ke4 Bg3 45. Bd2 h5 46. gxh5 gxh5
47. b4 h4 48. Kf3 Kb5 49. Kg4 Bf2 50. Bg5 Bxd4 51. Bxh4 Kxb4 52. Bd8 Kb5 {Game
drawn by mutual agreement} 1/2-1/2

[Event "Team 45 45 League T25"]
[Site "Internet Chess Club"]
[Date "2004.12.23"]
[Round "2"]
[White "ebattousai"]
[Black "ChessicStudent"]
[Result "0-1"]
[WhiteElo "1532"]
[BlackElo "1499"]
[TimeControl "2700+45"]

1. d4 Nf6 2. c4 c5 3. d5 b5 4. cxb5 a6 5. b6 d6 6. Nc3 Nbd7 7. e4 g6 8. Nf3 Bg7
9. Bd3 O-O 10. h4 Qxb6 11. Qc2 Ng4 12. h5 Nde5 13. Nxe5 Nxe5 14. hxg6 fxg6 15.
Rb1 Ng4 16. f3 Ne5 17. Bh6 Bxh6 18. Rxh6 Nxd3+ 19. Qxd3 c4 20. Qxc4 Qe3+ 21. Qe2
Qxh6 {White resigns} 0-1

[Event "Team 45 45 League T25"]
[Site "Internet Chess Club"]
[Date "2004.12.15"]
[Round "2"]
[White "Gardener"]
[Black "pumba"]
[Result "1-0"]
[WhiteElo "1554"]
[BlackElo "1399"]
[TimeControl "2700+45"]

1. e4 e6 2. d4 d5 3. Nc3 Bb4 4. e5 c5 5. a3 Bxc3+ 6. bxc3 Ne7 7. f4 Nbc6 8. g4
Ng6 9. Nf3 h6 10. Bd3 c4 11. Bxg6 fxg6 12. Qe2 Bd7 13. Qf2 Ne7 14. a4 Qa5 15.
O-O b5 16. Ba3 Qxc3 17. axb5 Bxb5 18. Rfb1 Rb8 19. Bb4 Qxa1 20. Rxa1 Bd7 21.
Bxe7 Kxe7 22. c3 Rb7 23. Qc2 Be8 24. Nh4 g5 25. fxg5 hxg5 26. Ng6+ Bxg6 27. Qxg6
Rg8 28. Qxg5+ Kd7 29. Qg6 Ke7 30. Rb1 Rd7 31. h4 a5 32. h5 a4 33. h6 a3 34. h7
{Black resigns} 1-0

[Event "Team 45 45 League T25"]
[Site "Internet Chess Club"]
[Date "2004.12.27"]
[Round "2"]
[White "Gomer"]
[Black "donkirk73"]
[Result "0-1"]
[WhiteElo "1317"]
[BlackElo "1206"]
[TimeControl "2700+45"]

1. e4 c5 2. d4 cxd4 3. c3 dxc3 4. Nxc3 Nc6 5. Bc4 e6 6. Nf3 Qc7 7. O-O Nf6 8.
Qe2 Ng4 9. Nb5 Qb8 10. Rd1 Bc5 11. Be3 Nxe3 12. fxe3 a6 13. Nbd4 Ne5 14. Nxe5
Qxe5 15. Nb3 Ba7 16. Rf1 Qg5 17. Rf3 b5 18. Bd3 Bb7 19. Raf1 O-O 20. Rg3 Qe5 21.
Qg4 g6 22. Na5 Bc6 23. Nxc6 dxc6 24. b3 Qb2 25. Bb1 Rad8 26. Rd1 Rd2 27. e5 Rfd8
28. Rxd2 Qxb1+ {White resigns} 0-1

[Event "Team 45 45 League T25"]
[Site "Internet Chess Club"]
[Date "2004.12.19"]
[Round "2"]
[White "Steinwitz"]
[Black "gartman"]
[Result "1-0"]
[WhiteElo "1856"]
[BlackElo "1684"]
[TimeControl "2700+45"]

1. e4 c5 2. Nf3 d6 3. d4 cxd4 4. Nxd4 Nf6 5. Nc3 a6 6. Be2 e5 7. Nb3 Be7 8. Be3
O-O 9. Qd2 Be6 10. O-O-O b5 11. Nd5 Nxe4 12. Qd3 Nc5 13. Nxe7+ Qxe7 14. Qxd6
Nxb3+ 15. axb3 Qxd6 16. Rxd6 Nd7 17. Bf3 Rac8 18. Bb7 Rc7 19. Bxa6 Ra8 20. Rhd1
Bf5 21. c3 g6 22. Bxb5 Nc5 23. Rd8+ Rxd8 24. Rxd8+ Kg7 25. Bxc5 Rxc5 26. Ba4 Be6
27. b4 Rc7 28. Kd2 Ra7 29. b3 f5 30. c4 Bxc4 31. bxc4 Rxa4 32. Kc3 Kf6 33. b5
Ke7 34. Rd1 e4 35. Kb3 Ra8 36. c5 g5 37. c6 f4 38. b6 e3 39. fxe3 fxe3 40. Re1
Kd6 41. Rxe3 Kxc6 42. Re6+ Kd5 43. b7 Rb8 44. Re7 Kc6 45. Rxh7 Rxb7+ 46. Rxb7
Kxb7 47. Kc4 Kc6 48. Kd4 Kd6 49. Ke4 Ke6 50. g4 Kf6 51. Kd5 Kg7 52. Ke5 Kg6 53.
Ke6 Kg7 54. Kf5 Kh6 55. Kf6 {Black resigns} 1-0

[Event "Team 45 45 League T25"]
[Site "Internet Chess Club"]
[Date "2004.12.19"]
[Round "2"]
[White "Eatfatty"]
[Black "john-beebs"]
[Result "1-0"]
[WhiteElo "1543"]
[BlackElo "1487"]
[TimeControl "2700+45"]

1. e4 e5 2. Nf3 Nc6 3. Bc4 Nf6 4. Ng5 d5 5. exd5 Na5 6. d3 Nxd5 7. Bxd5 Qxd5 8.
O-O Be7 9. Nc3 Qd8 10. Nf3 Nc6 11. Re1 f6 12. h3 O-O 13. Ne2 Qe8 14. Ng3 Bd6 15.
d4 Ne7 16. dxe5 fxe5 17. Nxe5 Bxe5 18. Rxe5 Qf7 19. Be3 Ng6 20. Re4 b6 21. Rd4
Bb7 22. Rd7 Qc4 23. Qd4 Qxd4 24. Bxd4 Rf7 25. Rxf7 Kxf7 26. Re1 Rd8 27. c3 c5
28. Be3 Re8 29. Rd1 Bc6 30. Nf5 Kg8 31. b4 c4 32. Nd6 Rd8 33. Rd4 b5 34. Nxb5
Rxd4 35. Nxd4 Bd7 36. g4 Ne5 37. f4 Nd3 38. f5 Kf7 39. Nc2 a6 40. Na3 Nb2 41.
Bd4 h6 42. Kf2 Bc6 43. Kg3 Bd5 44. h4 Nd3 45. b5 a5 46. b6 Bc6 47. Nxc4 a4 48.
Na5 Bd5 49. b7 Bxb7 50. Nxb7 Nc1 51. a3 Ke7 52. Bxg7 {Black resigns} 1-0

[Event "Team 45 45 League T25"]
[Site "Internet Chess Club"]
[Date "2004.12.18"]
[Round "2"]
[White "Mr-Patzer2u"]
[Black "Bookkeeper"]
[Result "1-0"]
[WhiteElo "1666"]
[BlackElo "1509"]
[TimeControl "2700+45"]

1. e4 d6 2. d4 g6 3. c4 Nf6 4. Nc3 Bg7 5. f4 O-O 6. Nf3 c5 7. d5 Bg4 8. Be2 Qa5
9. Qc2 Nxe4 10. Qxe4 Bxc3+ 11. Kf1 Bf6 12. h3 Bf5 13. Qe3 h5 14. Bd3 e6 15. dxe6
fxe6 16. Bxf5 exf5 17. Qe6+ Kg7 18. g4 Re8 19. Qxe8 Qb6 20. gxf5 Qb4 21. Qxg6+
{Black resigns} 1-0

[Event "Team 45 45 League T25"]
[Site "Internet Chess Club"]
[Date "2004.12.26"]
[Round "2"]
[White "chesskix"]
[Black "SpeedBlade"]
[Result "1-0"]
[WhiteElo "1519"]
[BlackElo "1415"]
[TimeControl "2700+45"]

1. d4 d5 2. c4 c6 3. Nc3 e6 4. a3 Nf6 5. Nf3 Nbd7 6. cxd5 exd5 7. g3 Be7 8. Bg2
O-O 9. O-O Nb6 10. b3 Bf5 11. Ne5 Nbd7 12. b4 Nxe5 13. dxe5 Ne4 14. Nxe4 Bxe4
15. f3 Bg6 16. Be3 f6 17. Bd4 fxe5 18. Bxe5 Bf6 19. Bxf6 Qxf6 20. e4 dxe4 21.
fxe4 Qe5 22. Re1 Rad8 23. Qa4 Qd4+ 24. Kh1 Rf2 25. Rad1 Rc2 26. Rxd4 {Black
resigns} 1-0

[Event "Team 45 45 League T25"]
[Site "Internet Chess Club"]
[Date "2004.12.19"]
[Round "2"]
[White "A-Ru"]
[Black "BaroneRosso"]
[Result "1/2-1/2"]
[WhiteElo "2056"]
[BlackElo "1985"]
[TimeControl "2700+45"]

1. d4 Nf6 2. Nf3 g6 3. Nc3 Bg7 4. e4 d6 5. Be3 a6 6. Qd2 b5 7. Bd3 Nc6 8. Bh6
O-O 9. h3 e5 10. d5 Ne7 11. O-O-O Bb7 12. Bxg7 Kxg7 13. h4 h5 14. Ng5 c5 15.
Rdg1 Rc8 16. Be2 b4 17. Nd1 Qa5 18. Kb1 c4 19. c3 bxc3 20. Nxc3 Qb4 21. g4 Rh8
22. f4 exf4 23. Qxf4 Rb8 24. Qd2 Bc8 25. gxh5 Nxh5 26. Qd4+ f6 27. Nd1 c3 28.
Qxb4 Rxb4 29. Bxh5 Rxh5 30. Nf3 cxb2 31. Nc3 a5 32. Rh2 Ba6 33. Rxb2 Rh8 34. Kc1
Rc8 35. Rc2 Bd3 36. Nd2 Bxc2 37. Kxc2 f5 38. exf5 Nxf5 39. h5 Nh4 40. hxg6 Nxg6
41. Kd3 Kf6 42. Nde4+ Kg7 43. Nxd6 Rf8 44. Rg3 Rbf4 45. Nde4 Rf3+ 46. Rxf3 Rxf3+
47. Kd4 Kf8 48. Kc5 Ne5 49. Kb5 Ke7 50. Kxa5 Rd3 51. Kb5 Kd8 52. a4 Nd7 53. a5
Kc7 54. a6 Kb8 55. Kc6 Ka7 56. d6 Rxd6+ 57. Nxd6 Nb8+ 58. Kb5 Nxa6 {Game drawn
by mutual agreement} 1/2-1/2

[Event "Team 45 45 League T25"]
[Site "Internet Chess Club"]
[Date "2004.12.18"]
[Round "2"]
[White "Scotty2Cues"]
[Black "Xaturanga"]
[Result "0-1"]
[WhiteElo "1909"]
[BlackElo "1777"]
[TimeControl "2700+45"]

1. e4 d6 2. d4 Nf6 3. Nc3 c6 4. Bf4 Qa5 5. Bd3 e5 6. dxe5 dxe5 7. Bg5 Be7 8. Nf3
Bg4 9. Qd2 Nbd7 10. h3 Be6 11. a3 O-O 12. O-O Rad8 13. b4 Qc7 14. Qe3 Rfe8 15.
Ne2 a5 16. c3 c5 17. Rfc1 c4 18. Bc2 b5 19. Rd1 axb4 20. axb4 Ra8 21. Bxf6 Bxf6
22. Ng5 Nb6 23. Nxe6 Rxe6 24. Rxa8+ Nxa8 25. Rd5 Qb8 26. Qc5 Nc7 27. Rd7 Na6 28.
Qd5 Nc7 29. Qd1 Ra6 30. f4 Qb6+ 31. Kh1 Ne6 32. f5 Nf8 33. Rd5 g6 34. g4 Qf2 35.
Rxb5 Qf3+ 36. Kh2 Ra2 37. Ra5 Rb2 38. fxg6 Nxg6 39. Ra1 Nh4 40. Qf1 Rxc2 41.
Qxf3 Nxf3+ 42. Kg3 Ng5 43. b5 Nxe4+ 44. Kf3 Nxc3 45. b6 e4+ 46. Kf2 {White
resigns} 0-1

[Event "Team 45 45 League T25"]
[Site "Internet Chess Club"]
[Date "2004.12.20"]
[Round "2"]
[White "Vombat"]
[Black "Catalog"]
[Result "1-0"]
[WhiteElo "2184"]
[BlackElo "2119"]
[TimeControl "2700+45"]

1. d4 Nf6 2. c4 c5 3. d5 b5 4. cxb5 a6 5. bxa6 g6 6. Nc3 Bg7 7. e4 d6 8. Bg5 O-O
9. Nf3 Qa5 10. Qd2 Bxa6 11. Bxa6 Qxa6 12. h3 Nbd7 13. Rb1 c4 14. O-O Nc5 15. Qe3
Rfb8 16. e5 Nfd7 17. e6 fxe6 18. dxe6 Nf8 19. Nd4 Bxd4 20. Qxd4 Ncxe6 21. Qd5
Kf7 22. f4 Ke8 23. Bh6 Rc8 24. f5 gxf5 25. Bxf8 Nxf8 26. Qxf5 Ng6 27. Qf7+ Kd7
28. Rbe1 Qb6+ 29. Kh2 Qxb2 30. Qe6+ Kd8 31. Rf8+ Kc7 32. Nd5+ Kc6 33. Rxc8+ Rxc8
34. Qxc8+ Kxd5 35. Rd1+ Ke5 36. Qxc4 Kf6 37. Qd4+ Qxd4 38. Rxd4 Ke5 39. Rd1 d5
40. a4 Nf8 41. a5 Nd7 42. a6 Nb6 43. a7 d4 44. Rb1 Na8 45. Rb8 Nc7 46. Rc8
{Black resigns} 1-0

[Event "Team 45 45 League T25"]
[Site "Internet Chess Club"]
[Date "2004.12.17"]
[Round "2"]
[White "DTK"]
[Black "DavidBarnsley"]
[Result "0-1"]
[WhiteElo "1905"]
[BlackElo "1966"]
[TimeControl "2700+45"]

1. e4 e6 2. d4 d5 3. Nc3 Nf6 4. e5 Ne4 5. Nxe4 dxe4 6. Be3 c5 7. dxc5 Nd7 8. Qg4
Qa5+ 9. c3 Bxc5 10. Bxc5 Qxc5 11. Qxe4 Qxe5 12. Bd3 Qxe4+ 13. Bxe4 Nc5 14. Bc2
Bd7 15. Ne2 Bc6 16. O-O O-O 17. b4 Bb5 18. Rfe1 Nd3 19. Bxd3 Bxd3 20. Rad1 Rfd8
21. Nd4 Bc4 22. a4 f6 23. f4 Kf7 24. Kf2 a5 25. b5 Rd5 26. Ra1 Rad8 27. g4 Rc5
28. Re3 Bd5 29. Rae1 Re8 30. h4 Rc4 31. Ra1 Rec8 32. Ra3 Re8 33. Kg3 g6 34. g5
e5 35. fxe5 Rxe5 36. Rxe5 fxe5 37. Nb3 Rxc3+ {White resigns} 0-1

[Event "Team 45 45 League T25"]
[Site "Internet Chess Club"]
[Date "2004.12.19"]
[Round "2"]
[White "Chief-Justice"]
[Black "Rainbird"]
[Result "0-1"]
[WhiteElo "1891"]
[BlackElo "1667"]
[TimeControl "2700+45"]

1. e4 e5 2. Nf3 Nc6 3. Bb5 a6 4. Bxc6 dxc6 5. h3 f6 6. d4 exd4 7. Qxd4 Qxd4 8.
Nxd4 c5 9. Nf3 Be6 10. Nc3 O-O-O 11. O-O Bd6 12. Be3 b6 13. Rad1 Ne7 14. Rd2 Nc6
15. Rfd1 Ne5 16. Nxe5 Bxe5 17. a3 f5 18. exf5 Bxc3 19. Rxd8+ Rxd8 20. Rxd8+ Kxd8
21. Bg5+ Ke8 22. fxe6 Bxb2 23. a4 Bd4 24. c4 c6 25. Kf1 h6 26. Bf4 Ke7 27. Ke2
b5 28. axb5 cxb5 29. cxb5 axb5 30. f3 c4 31. Bc1 b4 32. f4 Kxe6 33. Kf3 b3
{White resigns} 0-1

[Event "Team 45 45 League T25"]
[Site "Internet Chess Club"]
[Date "2004.12.18"]
[Round "2"]
[White "room-matt"]
[Black "AlexC"]
[Result "0-1"]
[WhiteElo "1913"]
[BlackElo "1942"]
[TimeControl "2700+45"]

1. e4 c5 2. Nf3 Nc6 3. d4 cxd4 4. Nxd4 Nf6 5. Nc3 e5 6. Ndb5 d6 7. Bg5 a6 8. Na3
b5 9. Bxf6 gxf6 10. Nd5 Bg7 11. Qh5 Ne7 12. O-O-O Nxd5 13. exd5 f5 14. Bd3 e4
15. Rhe1 O-O 16. Be2 Qf6 17. c3 b4 18. Nb1 bxc3 19. Nxc3 Rb8 20. Qh3 Bd7 21. f4
Rxb2 22. Kxb2 Rb8+ 23. Kc2 Rc8 24. Bc4 Rxc4 25. Re3 Ba4+ {White resigns} 0-1

[Event "Team 45 45 League T25"]
[Site "Internet Chess Club"]
[Date "2004.12.19"]
[Round "2"]
[White "doobedoo"]
[Black "chessateer"]
[Result "1/2-1/2"]
[WhiteElo "1846"]
[BlackElo "1849"]
[TimeControl "2700+45"]

1. e4 e5 2. Nf3 Nf6 3. d4 exd4 4. e5 Ne4 5. Qxd4 d5 6. exd6 Nxd6 7. Bd3 Nc6 8.
Qf4 g6 9. Nc3 Bg7 10. O-O O-O 11. Be3 Re8 12. Rad1 Ne5 13. Bb5 Bd7 14. Bxd7 Qxd7
15. Bd4 Qf5 16. Qxf5 Nxf5 17. Bxe5 Bxe5 18. Nxe5 Rxe5 19. Rd7 Re7 20. Rxe7 Nxe7
21. Rd1 Re8 22. Kf1 Nc6 23. Rd7 Re7 24. Rxe7 Nxe7 25. Nb5 c6 26. Nxa7 Kg7 27. b4
Kf6 28. b5 Ke5 29. a4 Kd5 30. b6 Kc5 31. a5 Nf5 32. Ke2 Nd6 33. Kd3 h5 34. g3 g5
{Game drawn by mutual agreement} 1/2-1/2

[Event "Team 45 45 League T25"]
[Site "Internet Chess Club"]
[Date "2004.12.16"]
[Round "2"]
[White "rph"]
[Black "Pick"]
[Result "1-0"]
[WhiteElo "1802"]
[BlackElo "1591"]
[TimeControl "2700+45"]

1. d4 d5 2. c4 e6 3. Nc3 Nf6 4. cxd5 exd5 5. Bg5 Be7 6. Qc2 c6 7. e3 Nbd7 8. Bd3
h6 9. Bh4 O-O 10. Nf3 Re8 11. O-O Ne4 12. Bxe7 Qxe7 13. Rab1 Ndf6 14. b4 Nxc3
15. Qxc3 Ne4 16. Qc2 Bd7 17. Ne5 f5 18. b5 c5 19. Nxd7 Qxd7 20. dxc5 Rac8 21.
Bxe4 Rxe4 22. Rfd1 Qe6 23. Rd4 f4 24. Rxe4 Qxe4 25. Qxe4 dxe4 26. Rc1 fxe3 27.
fxe3 b6 28. c6 Kf7 29. Rc4 Ke6 30. Rxe4+ Kd5 31. Re7 Kc4 32. a4 Kb4 33. Rxa7 Kc3
34. Rd7 Re8 35. Kf2 Rf8+ 36. Ke2 g5 37. e4 Re8 38. Kf3 g4+ 39. Kf4 h5 40. e5 Kb4
41. Rd4+ Kc5 42. Ke4 Rf8 43. Rd2 Kb4 44. c7 Rc8 45. Rc2 Kxa4 46. Kd5 Kxb5 47.
Kd6 Ka6 48. Kd7 Kb7 49. e6 b5 50. e7 b4 51. e8=Q Rxe8 52. Kxe8 Kc8 53. Rb2 Kxc7
54. Rxb4 {Black resigns} 1-0

[Event "Team 45 45 League T25"]
[Site "Internet Chess Club"]
[Date "2004.12.16"]
[Round "2"]
[White "Ciclamino"]
[Black "sigma33"]
[Result "1-0"]
[WhiteElo "1634"]
[BlackElo "1543"]
[TimeControl "2700+45"]

1. e4 c5 2. c3 d5 3. exd5 Qxd5 4. d4 e6 5. Nf3 Nf6 6. Be3 Nbd7 7. Nbd2 Be7 8.
Bc4 Qc6 9. O-O O-O 10. Ne5 Nxe5 11. dxe5 Nd5 12. Bd3 f5 13. exf6 Nxf6 14. Bg5
Qc7 15. Qe2 Bd6 16. Nf3 b6 17. Bc4 Bb7 18. Bxe6+ Kh8 19. h3 Ne4 20. Be3 Rf6 21.
Bc4 Raf8 22. Rad1 Rf5 23. Ba6 Bc6 24. Nh4 Bh2+ 25. Kh1 Rxf2 26. Bxf2 Ng3+ 27.
Bxg3 Re8 {Black resigns} 1-0

[Event "Team 45 45 League T25"]
[Site "Internet Chess Club"]
[Date "2004.12.19"]
[Round "2"]
[White "DTK"]
[Black "steve"]
[Result "1-0"]
[WhiteElo "1922"]
[BlackElo "1912"]
[TimeControl "2700+45"]

1. e4 c5 2. Nf3 Nc6 3. d4 cxd4 4. Nxd4 Nf6 5. Nc3 e5 6. Ndb5 d6 7. Bg5 a6 8.
Bxf6 gxf6 9. Na3 b5 10. Nd5 f5 11. c3 Bg7 12. exf5 Bxf5 13. Nc2 O-O 14. Nce3 Be6
15. Bd3 f5 16. Qh5 e4 17. Bc2 Ne7 18. Nf4 Bf7 19. Bb3 Qd7 20. Rd1 d5 21. Nexd5
Nxd5 22. Bxd5 Qxd5 23. Rxd5 Bxh5 24. Nxh5 Bh6 25. Ke2 Rad8 26. Rhd1 Rxd5 27.
Rxd5 f4 28. h4 f3+ 29. gxf3 exf3+ 30. Kd3 Bc1 31. Kc2 Bf4 32. Nxf4 Rxf4 33. Rd4
Rf6 34. Rg4+ Kf7 35. Kd3 Ke6 36. Ke4 Rf5 37. Rf4 Re5+ 38. Kxf3 Kd5 39. Rd4+ Kc5
40. a3 a5 41. Rg4 Re1 42. b4+ axb4 43. axb4+ Kd5 44. Rg7 Rc1 45. Rc7 Rc2 46. Ke3
Rc1 47. Rc5+ Kd6 48. Kd2 Rf1 49. Rxb5 Rxf2+ 50. Ke3 Rh2 51. Rh5 Rh3+ 52. Kd4 Kc6
53. Rxh7 Kb6 54. h5 Kc6 55. Kc4 Kb6 56. h6 Ka6 57. Rh8 Kb6 58. h7 Kb7 59. b5 Ka7
60. Kb4 Rh4+ 61. c4 Kb7 62. b6 Rh1 63. c5 Rh4+ 64. Kb5 Rh6 65. Rd8 Rxh7 66. c6#
{Black checkmated} 1-0

[Event "Team 45 45 League T25"]
[Site "Internet Chess Club"]
[Date "2004.12.21"]
[Round "2"]
[White "JohnCohen"]
[Black "Irvin"]
[Result "1-0"]
[WhiteElo "1809"]
[BlackElo "1803"]
[TimeControl "2700+45"]

1. e4 c5 2. Nc3 d6 3. f4 e6 4. Nf3 Nc6 5. Bb5 Nf6 6. d3 Be7 7. O-O O-O 8. Bxc6
bxc6 9. Ne2 Qb6 10. e5 Ng4 11. h3 Nh6 12. g4 d5 13. Ng3 Ba6 14. Re1 f6 15. exf6
gxf6 16. Rxe6 Kf7 17. f5 Qc7 18. Kg2 Bc8 19. Bxh6 Rg8 20. Re2 Bd6 21. Qe1 Bd7
22. Qf2 Rab8 23. b3 Rb4 24. c4 a5 25. Rae1 a4 26. Re3 axb3 27. axb3 Rxb3 28. Qe2
Rgb8 29. Re7+ Kg8 30. Rg7+ Kh8 31. Nh5 Bf8 32. Nd2 Rb2 33. Kf1 Bxg7 34. Bxg7+
Kg8 35. Qe7 Qf4+ 36. Nxf4 Rxd2 37. Nh5 {Black resigns} 1-0

[Event "Team 45 45 League T25"]
[Site "Internet Chess Club"]
[Date "2004.12.18"]
[Round "2"]
[White "Budzo"]
[Black "ears"]
[Result "1/2-1/2"]
[WhiteElo "1694"]
[BlackElo "1740"]
[TimeControl "2700+45"]

1. d4 Nf6 2. c4 g6 3. Nc3 Bg7 4. e4 d6 5. Nf3 O-O 6. Be2 e5 7. dxe5 dxe5 8. Qxd8
Rxd8 9. O-O c6 10. h3 Nbd7 11. Be3 b6 12. Rad1 Bb7 13. Rd2 Nf8 14. Rfd1 Ne6 15.
Rxd8+ Rxd8 16. Rxd8+ Nxd8 17. c5 b5 18. b4 Bc8 19. Bd1 Be6 20. Nd2 Nd7 21. f3 h5
22. Bb3 Bxb3 23. Nxb3 Nb7 24. Ne2 Kh7 25. Bd2 Bh6 26. Bxh6 Kxh6 27. Kf2 f6 28.
Nbc1 a5 29. a3 axb4 30. axb4 Nb8 31. Nd3 g5 32. Ke3 Nd8 33. Ng3 Ne6 34. Nf5+ Kg6
35. Ne7+ Kf7 36. Nf5 Kg6 37. Ne7+ Kf7 38. Nf5 Kg6 {Game drawn by repetition}
1/2-1/2

[Event "Team 45 45 League T25"]
[Site "Internet Chess Club"]
[Date "2004.12.19"]
[Round "2"]
[White "clarnibass"]
[Black "kevinfons"]
[Result "1-0"]
[WhiteElo "1704"]
[BlackElo "1536"]
[TimeControl "2700+45"]

1. e4 c5 2. Nf3 Nc6 3. Nc3 d6 4. d4 cxd4 5. Nxd4 e5 6. Nb3 Nf6 7. Bg5 Be7 8.
Bxf6 Bxf6 9. Nd5 O-O 10. Bc4 a6 11. Qf3 b5 12. Nxf6+ Qxf6 13. Bd5 Qxf3 14. gxf3
Bb7 15. O-O-O Rab8 16. Bxc6 Bxc6 17. Rxd6 Rb6 18. Na5 Rc8 19. Rhd1 g6 20. Rd8+
Rxd8 21. Rxd8+ Kg7 22. Rd6 Kf8 23. Rxc6 {Black resigns} 1-0

[Event "Team 45 45 League T25"]
[Site "Internet Chess Club"]
[Date "2004.12.18"]
[Round "2"]
[White "DeepHmmm"]
[Black "fileman"]
[Result "1/2-1/2"]
[WhiteElo "2178"]
[BlackElo "1945"]
[TimeControl "2700+45"]

1. d4 Nc6 2. Nf3 d5 3. c4 Bg4 4. cxd5 Bxf3 5. dxc6 Bxc6 6. Nc3 e6 7. e4 Bb4 8.
f3 Qh4+ 9. g3 Qh5 10. Be3 O-O-O 11. Bg2 f5 12. O-O fxe4 13. fxe4 Qxd1 14. Raxd1
Nf6 15. e5 Bxg2 16. Kxg2 Nd5 17. Nxd5 Rxd5 18. Kf3 Kd8 19. Ke4 Ke8 20. Rd3 Ba5
21. b4 Bb6 22. a4 a5 23. Rb3 Rf8 24. Ra1 Ke7 25. bxa5 Rxa5 26. Bd2 Rd5 27. Bb4+
c5 28. Bxc5+ Bxc5 29. Rxb7+ Kd8 30. dxc5 Rf5 31. Rxg7 Rdxe5+ 32. Kd4 Rd5+ 33.
Kc4 Rxc5+ 34. Kb4 Rh5 35. Rd1+ Kc8 36. Rf1 Rc7 37. Rf8+ Kb7 38. Rxc7+ Kxc7 39.
h4 Re5 40. Rf4 h5 41. g4 hxg4 42. Rxg4 Rh5 43. Re4 Kd6 44. a5 Kd5 45. Rg4 Kc6
46. Rc4+ Kb7 47. Re4 Ka7 48. a6 Kxa6 49. Rxe6+ Kb7 50. Re4 Kc6 51. Kc4 Kd6 52.
Kd4 Rd5+ 53. Ke3 Re5 54. Rxe5 Kxe5 55. h5 Kf5 56. h6 Kg6 57. h7 Kg7 58. h8=Q+
Kxh8 {Game drawn because neither player has mating material} 1/2-1/2

[Event "Team 45 45 League T25"]
[Site "Internet Chess Club"]
[Date "2004.12.18"]
[Round "2"]
[White "Ser-Enigma"]
[Black "Bloomington"]
[Result "1-0"]
[WhiteElo "2076"]
[BlackElo "1918"]
[TimeControl "2700+45"]

1. e4 c5 2. Nf3 Nc6 3. d4 cxd4 4. Nxd4 g6 5. Nc3 Bg7 6. Be3 Nf6 7. f3 O-O 8. Bc4
Qb6 9. Bb3 Nxe4 10. Nd5 Qa5+ 11. c3 Nc5 12. Nxc6 bxc6 13. Nxe7+ Kh8 14. Nxc8
Raxc8 15. O-O Rcd8 16. Qd6 Nxb3 17. axb3 Qb5 18. b4 Rfe8 19. Rfe1 Re6 20. Qc7
Rde8 21. Qxd7 R6e7 22. Qd2 a6 23. Bc5 Rxe1+ 24. Rxe1 Qb8 25. Ra1 Rd8 26. Qe2
{Black resigns} 1-0

[Event "Team 45 45 League T25"]
[Site "Internet Chess Club"]
[Date "2004.12.18"]
[Round "2"]
[White "Nomad"]
[Black "Plattner"]
[Result "1-0"]
[WhiteElo "1859"]
[BlackElo "1793"]
[TimeControl "2700+45"]

1. e4 e6 2. d4 d5 3. Nc3 Bb4 4. e5 c5 5. a3 Bxc3+ 6. bxc3 Ne7 7. Nf3 Nbc6 8. Bd3
Qa5 9. Qd2 c4 10. Be2 Qa4 11. O-O h6 12. Ne1 Bd7 13. f4 O-O-O 14. Bh5 g6 15. Bg4
Nf5 16. Nf3 Rdg8 17. Qf2 Qa5 18. Bd2 Qd8 19. a4 b6 20. Rfb1 Rg7 21. Bh3 Rgh7 22.
Bc1 Na5 23. Ba3 g5 24. g4 Ng7 25. fxg5 hxg5 26. Bg2 f5 27. exf6 Qxf6 28. Qg3 Qf4
29. Bd6 Qe3+ 30. Qf2 Qxf2+ 31. Kxf2 Ne8 32. Be5 Rg8 33. Kg3 Nc6 34. a5 b5 35. a6
Nxe5 36. Nxe5 Nc7 37. Rh1 Be8 38. h4 gxh4+ 39. Rxh4 Rxh4 40. Kxh4 Kd8 41. Rf1
Ke7 42. Bh3 Rf8 43. Rxf8 Kxf8 44. g5 Ke7 45. g6 Bxg6 46. Nxg6+ Kd6 47. Nf8 Nxa6
48. Nxe6 b4 49. cxb4 Nxb4 50. Bf5 a5 51. Nc5 Kc6 52. Kg3 Kb5 53. Bd7+ Nc6 54. c3
Kb6 55. Kf2 Na7 56. Kf3 Nb5 57. Bxb5 Kxb5 58. Ke2 a4 59. Kd2 a3 60. Kc2 {Black
resigns} 1-0

[Event "Team 45 45 League T25"]
[Site "Internet Chess Club"]
[Date "2004.12.20"]
[Round "2"]
[White "Justchess"]
[Black "tourettes"]
[Result "1/2-1/2"]
[WhiteElo "1694"]
[BlackElo "1743"]
[TimeControl "2700+45"]

1. Nf3 Nf6 2. c4 e6 3. g3 c5 4. Bg2 d6 5. O-O Be7 6. Nc3 O-O 7. d4 Nbd7 8. e4
cxd4 9. Nxd4 a6 10. b3 Qc7 11. Kh1 Rb8 12. f4 Re8 13. f5 e5 14. Nc2 b5 15. Nd5
Nxd5 16. cxd5 Nc5 17. Be3 Bb7 18. Qd2 Rbc8 19. Rac1 Qb8 20. g4 f6 21. g5 fxg5
22. Bxg5 Qc7 23. f6 gxf6 24. Bxf6 Bxf6 25. Rxf6 Rf8 26. Qg5+ Kh8 27. Rcf1 Qg7
28. Qxg7+ Kxg7 29. Rxf8 Rxf8 30. Rxf8 Kxf8 31. Ne3 Bc8 32. b4 Nd3 33. a3 Nc1 34.
Kg1 Ne2+ 35. Kf1 Nf4 36. Bf3 Kf7 37. Kf2 Bd7 38. Kg3 Kg6 39. Bg4 Bxg4 {Game
drawn by mutual agreement} 1/2-1/2

[Event "Team 45 45 League T25"]
[Site "Internet Chess Club"]
[Date "2004.12.20"]
[Round "2"]
[White "Zillmer"]
[Black "Arshanay"]
[Result "0-1"]
[WhiteElo "2158"]
[BlackElo "2310"]
[TimeControl "2700+45"]

1. e4 e6 2. d4 d5 3. e5 c5 4. c3 Qb6 5. Nf3 Nc6 6. a3 Nh6 7. b4 cxd4 8. cxd4 Nf5
9. Be3 Bd7 10. Be2 Rc8 11. O-O Be7 12. g4 Nxe3 13. fxe3 O-O 14. Nbd2 f6 15. exf6
Rxf6 16. Nb3 e5 17. b5 Nd8 18. Nxe5 Bxb5 19. Rb1 Ba4 20. Bf3 Qe6 21. Qe2 Rc3 22.
Nd2 Nf7 23. g5 Nxg5 24. Bg4 Qd6 25. Rxb7 a6 26. h4 Nf7 27. Rxf6 Qxf6 28. Ndf3
Rc1+ 29. Kg2 Rc2 30. Qxc2 Bxc2 31. Nd7 Qg6 32. Nfe5 Be4+ 33. Kh3 Qh6 34. Rb8+
Nd8 {White resigns} 0-1

[Event "Team 45 45 League T25"]
[Site "Internet Chess Club"]
[Date "2004.12.19"]
[Round "2"]
[White "elnik"]
[Black "MissedMate"]
[Result "1-0"]
[WhiteElo "1934"]
[BlackElo "1932"]
[TimeControl "2700+45"]

1. d4 d5 2. c4 c6 3. Nf3 Nf6 4. Nc3 a6 5. e3 Bf5 6. cxd5 cxd5 7. Qb3 b5 8. a4
Qa5 9. Bd2 b4 10. Na2 e6 11. Nxb4 Qb6 12. a5 Qb7 13. Qa4+ Nbd7 14. Ne5 Bd6 15.
Be2 O-O 16. Ned3 Ne4 17. Bc3 Rfc8 18. O-O Nxc3 19. bxc3 Rxc3 20. Rab1 Qc8 21.
Rfc1 Rc4 22. Rxc4 dxc4 23. Rc1 Nf6 24. Na2 Bxd3 25. Bxd3 Bxh2+ 26. Kh1 Qb8 27.
Qxc4 Ng4 28. Qc2 Bg1 29. Kxg1 Qh2+ 30. Kf1 Qh1+ 31. Ke2 Qh4 32. Qc8+ Qd8 33.
Qxd8+ Rxd8 34. Bxa6 Kf8 35. Rc8 Ke7 36. Rxd8 Kxd8 37. Bd3 Nf6 38. a6 Kc7 39. Nb4
Kb6 40. Na2 Nd5 41. Bxh7 g6 42. Bg8 Nc7 43. Bxf7 g5 44. Nb4 Ka5 45. Nd3 Nxa6 46.
Bxe6 Kb6 47. Ne5 Nc7 48. Bc4 Kb7 49. Kf3 Kc8 50. Kg4 {Black resigns} 1-0